 Dungeon Crawl Stone Soup version 0.28-a0-872-g80cf8599ee (webtiles) character file.

Game seed: 1626879453207547109

422 ders the Digger (level 6, -2/32 HPs)
             Began as a Gargoyle Earth Elementalist on Nov 21, 2021.
             Slain by an orc priest (4 damage)
             ... on level 4 of the Dungeon.
             The game lasted 00:05:50 (4033 turns).

ders the Digger (Gargoyle Earth Elementalist)       Turns: 4033, Time: 00:05:51

Health: -2/32      AC:  7    Str: 12    XL:     6   Next: 95%
Magic:  1/12       EV: 11    Int: 17    God:
Gold:   103        SH:  0    Dex: 10    Spells: 9/13 levels left

rFire   . . .      SeeInvis .   s - staff of conjuration
rCold   . . .      Faith    .   (no shield)
rNeg    + . .      Spirit   .   b - +0 robe
rPois   ∞          Reflect  .   (no helmet)
rElec   +          Harm     .   v - +0 cloak
rCorr   .          Rampage  .   (no gloves)
Will    .....                   (no boots)
Stlth   ++........              (no amulet)
HPRegen 0.10/turn               (no ring)
MPRegen 0.13/turn               (no ring)

@: attractive
A: sickness immunity, AC +4, negative energy resistance 1, electricity
resistance, torment resistance 1, petrification resistance
a: no special abilities


You were on level 4 of the Dungeon.
You visited 1 branch of the dungeon, and saw 4 of its levels.

You collected 103 gold pieces.

Inventory:

Hand Weapons
 f - a +2 dagger of venom
Missiles
 n - 63 stones
Armour
 b - a +0 robe (worn)
 q - a +0 buckler
 v - a +0 cloak (worn)
Magical Staves
 s - a staff of conjuration (weapon)
Jewellery
 k - an amulet of guardian spirit
Scrolls
 c - a scroll of enchant armour {unknown}
 d - 2 scrolls of blinking {unknown}
 h - a scroll of enchant weapon {unknown}
 i - a scroll of identify {unknown}
 j - a scroll of noise
 p - a scroll of immolation {unknown}
 r - a scroll of fear {unknown}
 t - a scroll of amnesia {unknown}
Potions
 a - a potion of haste {unknown}
 e - a potion of lignification {unknown}
 g - a potion of attraction
 l - a potion of heal wounds {unknown}
 m - a potion of curing {unknown}
 o - a potion of flight {unknown}
 u - a potion of resistance {unknown}


   Skills:
 - Level 1.5 Dodging
 - Level 2.1 Stealth
 + Level 4.1 Spellcasting
 + Level 4.1 Conjurations
 - Level 0.7 Transmutations
 + Level 6.0 Earth Magic


You had 9 spell levels left.
You knew the following spells:

 Your Spells              Type           Power      Damage    Failure   Level
a - Sandblast             Erth           48%        2d12      1%          1
b - Stone Arrow           Conj/Erth      62%        3d10      6%          3

Your spell library contained the following spells:

 Spells                   Type           Power      Damage    Failure   Level
 Passwall                 Tmut/Erth      11%        N/A       6%          2
 Petrify                  Tmut/Erth      14%        N/A       36%         4
 Leda's Liquefaction      Hex/Erth       6%         N/A       41%         4
 Call Canine Familiar     Summ           3%         N/A       43%         3
 Gell's Gravitas          Tloc           3%         N/A       43%         3
 Portal Projectile        Hex/Tloc       6%         N/A       43%         3
 Teleport Other           Tloc           3%         N/A       43%         3
 Blade Hands              Tmut           2%         N/A       97%         5
 Excruciating Wounds      Necr           1%         N/A       99%         5
 Dispersal                Tloc           1%         N/A       100%        6


Dungeon Overview and Level Annotations

Branches:
Dungeon (4/15)
 Temple: D:4-7

Altars:

Annotations:
D:4 3 runed translucent doors, IdlyInterested's ghost, amateur KoFi


Innate Abilities, Weirdness & Mutations

You are immune to sickness and miasma.
Your stone body is resilient. (AC +4)
You are immune to poison.
You resist negative energy. (rN+)
You are resistant to electric shocks. (rElec)
You are resistant to unholy torment.
You are immune to petrification.


Message History

Aim: an orc priest, wielding a +0 trident and wearing a +0 leather armour (74% to hit)
You feel a surge of power!
The stone arrow misses the orc priest.
The orc priest misses you.
Unknown command.
Casting: Stone Arrow (dangerous; 6% risk of failure)
Confirm with . or Enter, or press ? or * to list all spells.
Aiming: Stone Arrow (dangerous; 6% risk of failure)
Press: ? - help, Shift-Dir - straight line, f/p - orc priest
Aim: an orc priest, wielding a +0 trident and wearing a +0 leather armour (74% to hit)
You feel a surge of power!
The stone arrow hits the orc priest.
The orc priest is lightly wounded.
The orc priest hits you with a +0 trident.
* * * LOW HITPOINT WARNING * * *
Unknown command.
Casting: Stone Arrow (dangerous; 6% risk of failure)
Confirm with . or Enter, or press ? or * to list all spells.
Aiming: Sandblast (safe; 1% risk of failure)
Press: ? - help, Shift-Dir - straight line, f/p - orc priest
Aim: an orc priest, wielding a +0 trident and wearing a +0 leather armour (lightly wounded, 81% to hit)
The blast of sand hits the orc priest!
The orc priest is severely wounded.
The orc priest invokes the aid of Beogh against you.
You barely resist.
Unknown command.
Casting: Sandblast (safe; 1% risk of failure)
Confirm with . or Enter, or press ? or * to list all spells.
Aiming: Sandblast (safe; 1% risk of failure)
Press: ? - help, Shift-Dir - straight line, f/p - orc priest
Aim: an orc priest, wielding a +0 trident and wearing a +0 leather armour (severely wounded, 81% to hit)
The blast of sand hits the orc priest.
The orc priest is almost dead.
The orc priest hits you but does no damage.
Unknown command.
Casting: Sandblast (safe; 1% risk of failure)
Confirm with . or Enter, or press ? or * to list all spells.
You don't have enough magic to cast this spell.
You hit the orc priest but do no damage.
The orc priest is almost dead.
The orc priest hits you with a +0 trident.
You die...

........###.##.#.)##.###.....##
##.......##.##o##.##.##ZWZZ...#
#........'.....##.##.####+++###.
#........###.####o##.# #...o....
#........#...# #..#.# #........
#........#.### ##†#.# #.#..)...
.........#.# #...# #.#......
.........#.########..# #)#######
..########....o@.....# #.#
#...........# #.# #...........#
#.# #..........># #o#
#..........## #S# #..........#
#.# #.......)..# #.#######
#.########## #.)...... #.#
#########


You could see an orc priest.

Vanquished Creatures
  A sky beast (D:4)
  2 howler monkeys
  A hound (D:4)
  An iguana (D:4)
  3 adders
  7 gnolls
  An adder skeleton (D:2)
  4 worms (D:2)
  2 dart slugs
  3 orcs (D:4)
  6 bats
  9 endoplasms
  A giant cockroach (D:4)
  8 goblins
  8 hobgoblins
  2 quokkas
  8 ball pythons
  5 frilled lizards
  5 kobolds
  6 rats
83 creatures vanquished.

Notes
Turn   | Place    | Note
-------+----------+-------------------------------------------
     0 | D:1      | ders the Gargoyle Earth Elementalist began the quest for
                  | the Orb.
     0 | D:1      | Reached XP level 1. HP: 10/10 MP: 3/3
   139 | D:1      | Reached XP level 2. HP: 15/15 MP: 3/5
   245 | D:1      | Reached skill level 1 in Conjurations
   298 | D:1      | Reached skill level 4 in Earth Magic
   585 | D:1      | Reached XP level 3. HP: 18/19 MP: 0/6
   589 | D:1      | Learned a level 3 spell: Stone Arrow
  1141 | D:2      | Reached XP level 4. HP: 21/24 MP: 3/8
  1746 | D:2      | Reached XP level 5. HP: 28/28 MP: 7/9
  2013 | D:3      | Reached skill level 5 in Earth Magic
  2809 | D:3      | Found a faded altar of an unknown god.
  3408 | D:4      | Reached XP level 6. HP: 26/32 MP: 8/11
  3804 | D:4      | Noticed a sky beast
  3808 | D:4      | Killed a sky beast
  3888 | D:4      | Found a runed translucent gate.
  3889 | D:4      | Noticed IdlyInterested's ghost (amateur KoFi)
  3890 | D:4      | Found a runed translucent gate.
  3891 | D:4      | Found a runed translucent gate.
  3907 | D:4      | Reached skill level 6 in Earth Magic
  4030 | D:4      | HP: 1/32 [orc priest (6)]
  4033 | D:4      | Slain by an orc priest

Illustrated notes

Levels and vault maps discovered:
D:1:      dpeg_arrival_lava_temple_mockup, layout_basic, minivault_11
D:2:      kennysheep_big_flooded_room, layout_loops_ring,
          kennysheep_generic_room_4
D:3:      layout_loops_corners, hellmonk_ecumenical_altar_prayer_group
D:4:      layout_basic, gammafunk_ghost_necromancy

Skill      XL: |  1  2  3  4  5  6 |
---------------+-------------------+-----
Conjurations   | 1 2 3 4 |  4.1
Earth Magic    | 4 5 6 |  6.0
Spellcasting   | 3 4 |  4.1
Dodging        | |  1.5
Stealth        | |  2.1
Transmutations | |  0.7

Action                   |  1- 3 |  4- 6 || total
-------------------------+-------+-------++-------
Melee: Unarmed           |     6 |       ||     6
       Dagger            |       |    18 ||    18
       Staff             |       |     1 ||     1
 Cast: Sandblast         |    44 |    63 ||   107
       Stone Arrow       |       |    17 ||    17
  Use: Scroll            |       |     1 ||     1
       Potion            |       |     1 ||     1
Armor: Robe              |     4 |    15 ||    19
Dodge: Dodged            |    10 |    49 ||    59

Table legend: (Time is in decaauts)
 A = Elapsed time spent in this place.
 B = Non-inter-level travel time spent in this place.
 C = Inter-level travel time spent in this place.
 D = Time resting spent in this place.
 E = Time spent auto-exploring this place.
 F = Levels seen in this place.
 G = Mean time per level.
                   A        B        C        D        E       F      G
               +--------+--------+--------+--------+--------+-----+--------+
         Total |   4032 |   3798 |    234 |    604 |   2604 |   4 | 1008.0 |
       Dungeon |   4032 |   3798 |    234 |    604 |   2604 |   4 | 1008.0 |
               +--------+--------+--------+--------+--------+-----+--------+

Top non-repeatable levels by time:
     D:3: 1428 daAuts
     D:1: 919 daAuts
     D:2: 919 daAuts
     D:4: 764 daAuts
